AoeStats
← 一条固执的鱼

Lombardia

508803498Analyzed
3v3 RM · 8d ago on Sep 24, 2026· 39m 6s· 6 players
Game mode
Random Map
Map size
Normal (6 player)
Population
200
Speed
Normal
Resources
Standard
Victory
Conquest
Starting age
Dark Age
Ending age
Imperial Age
RankedLock teamsTeams togetherTeam positionsShared explorationLock speedFull tech treeHidden civsTurbo modeCheats
Victory
Defeat
🇨🇳 Burgundians · China
1284
+17
🇨🇳 Ethiopians · China
1272
+17
🇨🇳 Slavs · China
1233
+19
🇺🇸 Varangians · United States
1558
-27
🇺🇸 Byzantines · United States
1385
-21
🇬🇧 Franks · United Kingdom
944
-5
一条固执的鱼
6:53 Loom
9:26 Feudal Age
10:23 Double-Bit Axe
14:13 Fletching
21:05 Castle Age
18:50 Horse Collar
19:17 Gold Mining
19:54 Padded Archer Armor
22:02 Bow Saw
21:39 Crossbowman
23:01 Bodkin Arrow
31:27 Wheelbarrow
37:55 Ballistics
38:43 Thumb Ring
38:54 Heavy Plow
沉着 冷静
5:50 Double-Bit Axe
8:06 Horse Collar
10:33 Feudal Age
10:16 Loom
14:07 Castle Age
13:11 Bow Saw
16:38 Heavy Plow
20:05 Wheelbarrow
24:51 Gold Mining
24:51 Stone Mining
28:18 Imperial Age
26:05 Hand Cart
25:37 Town Watch
27:13 Scale Barding Armor
27:18 Forging
27:10 Husbandry
28:12 Gold Shaft Mining
28:12 Stone Shaft Mining
28:41 Chain Barding Armor
30:19 Plate Barding Armor
30:43 Iron Casting
30:08 Elite Coustillier
30:48 Fletching
31:19 Ballistics
31:44 Conscription
31:30 Burgundian Vineyards
33:15 Blast Furnace
34:03 Fletching
35:14 Chemistry
35:44 Bodkin Arrow
37:04 Bracer
40:33 Two-Man Saw
40:04 Crop Rotation
809591945
7:16 Loom
9:38 Feudal Age
10:26 Double-Bit Axe
15:19 Town Watch
16:06 Scale Barding Armor
18:16 Forging
18:49 Bloodlines
23:41 Castle Age
21:59 Gold Mining
24:49 Chain Barding Armor
25:05 Iron Casting
25:15 Husbandry
32:05 Wheelbarrow
twitch.tv/s0laf1d3
4:58 Loom
10:35 Feudal Age
10:42 Feudal Age
15:06 Castle Age
13:26 Double-Bit Axe
14:10 Horse Collar
16:57 Bow Saw
17:23 Wheelbarrow
17:55 Gold Mining
22:29 Husbandry
22:48 Bloodlines
27:25 Hand Cart
27:37 Scale Barding Armor
27:47 Forging
30:04 Iron Casting
32:17 Town Watch
32:55 Chain Barding Armor
36:17 Imperial Age
Anthonyx821
6:51 Loom
9:34 Feudal Age
10:06 Man-at-Arms
13:04 Horse Collar
16:38 Double-Bit Axe
18:27 Fletching
20:00 Wheelbarrow
19:56 Padded Archer Armor
22:40 Castle Age
21:39 Gold Mining
22:48 Padded Archer Armor
22:53 Crossbowman
24:00 Bodkin Arrow
24:57 Thumb Ring
25:14 Bow Saw
28:33 Ballistics
28:55 Treadmill Crane
29:36 Heavy Plow
31:25 Leather Archer Armor
31:53 Hand Cart
33:15 Pikeman
33:57 Squires
33:59 Scale Mail Armor
36:38 Imperial Age
35:01 Gold Shaft Mining
34:21 Stone Mining
35:13 Chain Mail Armor
36:55 Arbalester
Crystella
12:01 Feudal Age
10:21 Loom
12:07 Feudal Age
23:01 Castle Age
26:38 Scale Barding Armor
27:18 Husbandry
32:09 Double-Bit Axe
33:48 Chain Barding Armor
Connection lost

Rejoining the realm…

Still unreachable

The connection could not be restored.

Session expired

The server has moved on; the page needs a fresh start.